[Event "Titled Tuesday Blitz July 4 Late 2023"]
[White "Ozates, Tuna"]
[Black "Ardila, Oscar Humberto"]
[WhiteFideId "6354521"]
[BlackFideId "4404742"]
[WhiteElo "2549"]
[BlackElo "2307"]
[Result "1-0"]
[Round "2"]
[TimeControl "180+2"]
[Date "2023.07.04"]
[WhiteClock "0:00:27"]
[BlackClock "0:02:01"]
[Board "101"]

1. e4 e5 2. Nf3 Nf6 3. Nxe5 d6 4. Nf3 Nxe4 5. Nc3 Nxc3 6. dxc3 Be7 7. Bf4 O-O 8. Qd2 Nd7 9. O-O-O Nf6 10. Bd3 c5 11. h4 b5 12. Ng5 Qa5 13. Kb1 h6 14. Rde1 Re8 15. a3 Bb7 16. Rh3 Nd5 17. Bh7+ Kf8 18. Ne6+ fxe6 19. Bxh6 Bf6 20. Rf3 Nxc3+ 21. bxc3 Bxf3 22. Qxd6+ Re7 23. Rxe6 Qxc3 24. Rxf6+ Qxf6 25. Qxf6+ Rf7 26. Bxg7+ Ke8 27. Bg6 Bd5 28. Bxf7+ Bxf7 29. Qc6+ Ke7 30. Qxa8 1-0


[Site "https://www.chess.com"]

[Event "Titled Tuesday Blitz July 4 Late 2023"]
[White "Pranav, V"]
[Black "Kochiev, Ivan"]
[WhiteFideId "25060783"]
[BlackFideId "2917890"]
[WhiteElo "2986"]
[BlackElo "2540"]
[Result "1-0"]
[Round "2"]
[TimeControl "180+2"]
[Date "2023.07.04"]
[WhiteClock "0:00:26"]
[BlackClock "0:00:02"]
[Board "102"]

1. e4 c5 2. Nf3 d6 3. d4 cxd4 4. Nxd4 Nf6 5. Nc3 Nc6 6. Bg5 e6 7. Qd2 a6 8. O-O-O Bd7 9. f4 Be7 10. Nb3 Rc8 11. Be2 b5 12. Bf3 Qc7 13. Rhe1 O-O 14. Bxf6 gxf6 15. Re3 b4 16. Ne2 a5 17. Kb1 a4 18. Nbc1 Na5 19. b3 Bc6 20. Nd4 Rfd8 21. Be2 Qb6 22. Bh5 Qc5 23. f5 e5 24. Rg3+ Kh8 25. Nxc6 Qxc6 26. Bxf7 Qxe4 27. Nd3 Qc6 28. Rc1 e4 29. Qh6 Rg8 30. Bxg8 Rxg8 31. Rxg8+ Kxg8 32. Nf4 Qc3 33. Ne6 Kf7 34. Qh5+ Kg8 35. Qe8+ Bf8 36. Qxf8# 1-0


[Site "https://www.chess.com"]

[Event "Titled Tuesday Blitz July 4 Late 2023"]
[White "SicilianPanzer"]
[Black "Svane, Rasmus"]
[BlackFideId "4657101"]
[WhiteElo "2241"]
[BlackElo "2934"]
[Result "0-1"]
[Round "2"]
[TimeControl "180+2"]
[Date "2023.07.04"]
[WhiteClock "0:00:00"]
[BlackClock "0:01:11"]
[Board "103"]

1. Nf3 d5 2. g3 Nd7 3. d4 b5 4. Bg2 e6 5. O-O Ngf6 6. Nbd2 Bb7 7. a4 a6 8. Nb3 c5 9. dxc5 Nxc5 10. Nbd4 bxa4 11. Bg5 Bd6 12. Qc1 O-O 13. c4 e5 14. Nf5 Nb3 15. Qb1 Nxa1 16. Qxa1 h6 17. Bd2 d4 18. Qxa4 Be4 19. Nxd6 Qxd6 20. Bb4 Qe6 21. Bxf8 Rxf8 22. Qa5 Bxf3 23. Bxf3 e4 24. Bg2 Qxc4 25. Qe5 Re8 26. Qd6 e3 27. fxe3 Rxe3 28. Qd8+ Re8 29. Qd6 Rxe2 30. Rxf6 gxf6 31. Qxf6 Qc1+ 32. Bf1 Qe3+ 33. Kh1 Rf2 0-1


[Site "https://www.chess.com"]

[Event "Titled Tuesday Blitz July 4 Late 2023"]
[White "Castella Garcia, Fausto"]
[Black "Rasulov, Vugar"]
[WhiteFideId "3501922"]
[BlackFideId "13402390"]
[WhiteElo "2406"]
[BlackElo "2917"]
[Result "1-0"]
[Round "2"]
[TimeControl "180+2"]
[Date "2023.07.04"]
[WhiteClock "0:00:31"]
[BlackClock "0:01:01"]
[Board "104"]

1. e4 c5 2. Nf3 e6 3. Nc3 Nc6 4. Bb5 Nge7 5. O-O a6 6. Bxc6 Nxc6 7. d4 cxd4 8. Nxd4 d6 9. Re1 Be7 10. Nxc6 bxc6 11. Qg4 O-O 12. Bh6 Bf6 13. e5 dxe5 14. Ne4 Kh8 15. Rad1 Qe7 16. Be3 Rg8 17. Bc5 Qc7 18. Nxf6 gxf6 19. Qh4 Rg6 20. Re3 e4 21. Bd6 Qa5 22. Rh3 h6 23. Qxe4 e5 24. Bb4 Qxa2 25. Rd8+ Kh7 26. Rxh6+ Kg7 27. Bf8+ Kg8 28. Be7+ Kg7 29. Bf8+ Kg8 30. Rxg6+ fxg6 31. Qxg6+ Kh8 32. Qg7# 1-0


[Site "https://www.chess.com"]

[Event "Titled Tuesday Blitz July 4 Late 2023"]
[White "Lenderman, Aleksandr"]
[Black "Silva Lucena, Cristian"]
[WhiteFideId "2021285"]
[BlackFideId "2232588"]
[WhiteElo "2896"]
[BlackElo "2401"]
[Result "1-0"]
[Round "2"]
[TimeControl "180+2"]
[Date "2023.07.04"]
[WhiteClock "0:01:36"]
[BlackClock "0:00:07"]
[Board "105"]

1. Nf3 Nf6 2. b3 g6 3. Bb2 Bg7 4. g3 O-O 5. Bg2 d6 6. d4 Nc6 7. O-O e5 8. dxe5 Ng4 9. c4 Ngxe5 10. Nc3 Nxf3+ 11. Bxf3 Bh3 12. Re1 Re8 13. Qd2 h5 14. Nd5 Ne5 15. Bh1 c6 16. Nc3 Ng4 17. Rad1 Qb6 18. e3 Rad8 19. Na4 Qc7 20. Bxg7 Kxg7 21. Qd4+ Kg8 22. Qxa7 Qe7 23. Qd4 Qe6 24. Nc3 h4 25. Qf4 hxg3 26. hxg3 Ne5 27. Ne4 Kg7 28. Ng5 Qg4 29. Qxg4 Bxg4 30. f3 Bc8 31. f4 Ng4 32. e4 Rh8 33. Bg2 Nf6 34. b4 Be6 35. Rd4 Nh5 36. Kf2 Ra8 37. Re2 Ra3 38. Bf3 Nf6 39. Nxe6+ fxe6 40. Rxd6 Rh2+ 41. Kg1 Rxe2 42. Bxe2 Rxg3+ 43. Kh2 Nxe4 44. Rxe6 Re3 45. Bd1 Rd3 46. Rxe4 Rxd1 47. Re7+ Kf6 48. Rxb7 Rd2+ 49. Kg3 Rxa2 50. Rc7 Kf5 51. Rxc6 Ra3+ 52. Kf2 Kxf4 53. Rxg6 Ra2+ 54. Ke1 Ke4 55. b5 Kd4 56. Rc6 Rb2 57. b6 Rb4 58. c5 Kd5 59. Rc7 Rb2 60. b7 Rb3 61. c6 Kd6 62. Rc8 1-0


[Site "https://www.chess.com"]

[Event "Titled Tuesday Blitz July 4 Late 2023"]
[White "Ibarra Jerez, Jose Carlos"]
[Black "Urbina Perez, Juan Antonio"]
[WhiteFideId "2226332"]
[BlackFideId "2217368"]
[WhiteElo "2866"]
[BlackElo "2401"]
[Result "1-0"]
[Round "2"]
[TimeControl "180+2"]
[Date "2023.07.04"]
[WhiteClock "0:00:26"]
[BlackClock "0:00:00"]
[Board "106"]

1. e4 e6 2. d4 d5 3. Nc3 Bb4 4. Ne2 dxe4 5. a3 Be7 6. Nxe4 Nd7 7. g3 Ngf6 8. N4c3 O-O 9. Bg2 c5 10. O-O a6 11. d5 Nxd5 12. Nxd5 exd5 13. Qxd5 Nf6 14. Qb3 Ra7 15. Nf4 b5 16. c4 Qb6 17. Re1 Bd6 18. Bd2 Bb7 19. Nd5 Nxd5 20. cxd5 Bc8 21. Rac1 c4 22. Qf3 Qd8 23. Be3 Re7 24. h4 Rfe8 25. Red1 Qc7 26. Bg5 f6 27. Be3 Bd7 28. Bd4 Qc8 29. Qc3 Be5 30. d6 Bxd4 31. Rxd4 Re5 32. b3 Kf8 33. bxc4 bxc4 34. Rxc4 Qb8 35. Rc7 Qb5 36. Rb7 Qa4 37. Qc7 1-0


[Site "https://www.chess.com"]

[Event "Titled Tuesday Blitz July 4 Late 2023"]
[White "Ter-Sahakyan, Samvel"]
[Black "Janturin, Artur"]
[WhiteFideId "13302531"]
[BlackFideId "4130022"]
[WhiteElo "2859"]
[BlackElo "2401"]
[Result "1-0"]
[Round "2"]
[TimeControl "180+2"]
[Date "2023.07.04"]
[WhiteClock "0:00:08"]
[BlackClock "0:00:02"]
[Board "107"]

1. d4 e6 2. c4 b6 3. a3 Bb7 4. Nc3 f5 5. Bf4 Nf6 6. e3 Bd6 7. Bxd6 cxd6 8. Nf3 O-O 9. d5 Na6 10. Be2 Nc5 11. O-O Qe7 12. Rc1 Nce4 13. Nxe4 fxe4 14. Nd4 exd5 15. cxd5 Nxd5 16. Bc4 Kh8 17. Bxd5 Bxd5 18. Qg4 Rac8 19. h3 h6 20. Rfd1 Bc4 21. Rc2 Bd3 22. Rxc8 Rxc8 23. Re1 Rc5 24. Qf4 Qf6 25. Qxf6 gxf6 26. g4 a5 27. Kg2 d5 28. Kg3 Kg7 29. Kf4 Kg6 30. Rg1 b5 31. h4 a4 32. h5+ Kg7 33. Rd1 Rc8 34. Rd2 Rc1 35. Nf5+ Kh7 36. Ne7 Rf1 37. Nxd5 Kg7 38. Ne7 Kf7 39. Nf5 Ke6 40. Nxh6 d5 41. Nf5 Rh1 42. Kg3 Ke5 43. f4+ exf3 44. Rxd3 f2 45. Kxf2 Rh2+ 46. Kg3 Rxb2 47. h6 Rb3 48. h7 Rxd3 49. h8=Q Rxa3 50. Qe8# 1-0


[Site "https://www.chess.com"]

[Event "Titled Tuesday Blitz July 4 Late 2023"]
[White "Elsa167"]
[Black "Vega Gutierrez, Sabrina"]
[BlackFideId "2219026"]
[WhiteElo "2852"]
[BlackElo "2400"]
[Result "1-0"]
[Round "2"]
[TimeControl "180+2"]
[Date "2023.07.04"]
[WhiteClock "0:01:39"]
[BlackClock "0:00:03"]
[Board "108"]

1. e4 c5 2. Nf3 Nc6 3. d4 cxd4 4. Nxd4 Nf6 5. Nc3 e5 6. Ndb5 d6 7. Bg5 a6 8. Na3 b5 9. Nd5 Be7 10. Bxf6 Bxf6 11. c3 Ne7 12. Nxe7 Bxe7 13. Nc2 Bb7 14. Bd3 d5 15. Qe2 dxe4 16. Bxe4 Bxe4 17. Qxe4 O-O 18. Ne3 Bc5 19. Rd1 Qg5 20. h4 Qf4 21. Qxf4 exf4 22. Nd5 Rfe8+ 23. Kf1 Rad8 24. Rh3 Kf8 25. Rhd3 Re4 26. f3 Ra4 27. a3 h6 28. Nb4 Rxd3 29. Rxd3 a5 30. Nc6 g5 31. hxg5 hxg5 32. Rd5 Be7 33. Nxe7 Kxe7 34. Rxb5 f6 35. Ke2 Kd6 36. Kd3 Kc6 37. Rf5 1-0


[Site "https://www.chess.com"]

[Event "Titled Tuesday Blitz July 4 Late 2023"]
[White "Hamidi, Amir Mohammad"]
[Black "Arnold, Ken"]
[WhiteFideId "12563285"]
[BlackFideId "2056836"]
[WhiteElo "2789"]
[BlackElo "2399"]
[Result "1-0"]
[Round "2"]
[TimeControl "180+2"]
[Date "2023.07.04"]
[WhiteClock "0:00:26"]
[BlackClock "0:00:13"]
[Board "110"]

1. d4 d5 2. c4 c6 3. Nf3 Nf6 4. Nc3 dxc4 5. a4 Bf5 6. Ne5 e6 7. f3 h6 8. e4 Bh7 9. Bxc4 Nbd7 10. Qb3 Qb6 11. Nxd7 Nxd7 12. Be3 Qxb3 13. Bxb3 Bb4 14. O-O O-O 15. Rfd1 Nf6 16. Ne2 Rfd8 17. Nf4 g5 18. Nd3 Be7 19. a5 a6 20. Ne5 Nd7 21. Nc4 Rac8 22. Rac1 Bb4 23. h4 Be7 24. hxg5 hxg5 25. Kf2 c5 26. d5 exd5 27. Rxd5 Nf8 28. Rxg5+ Bxg5 29. Bxg5 Rd3 30. Nb6 Rxb3 31. Nxc8 Rxb2+ 32. Kg3 Ne6 33. Bf6 Rb5 34. Nd6 Rxa5 35. Nxb7 Rb5 36. Nd6 Rb6 37. Nc8 Rb7 38. Ra1 Rc7 39. Ne7+ Kf8 40. Nd5 Rc6 41. Rh1 Bg8 42. Rh8 c4 43. Be7+ Kg7 44. Bf6+ Kf8 45. Ne7 Ke8 46. Rxg8+ 1-0


[Site "https://www.chess.com"]

[Event "Titled Tuesday Blitz July 4 Late 2023"]
[White "Erenberg, Ariel"]
[Black "Gabdushev, Ruslan"]
[WhiteFideId "2811634"]
[BlackFideId "4137833"]
[WhiteElo "2739"]
[BlackElo "2387"]
[Result "1-0"]
[Round "2"]
[TimeControl "180+2"]
[Date "2023.07.04"]
[WhiteClock "0:00:33"]
[BlackClock "0:00:00"]
[Board "111"]

1. e4 Nc6 2. Nf3 d6 3. d4 Bg4 4. d5 Nb8 5. c4 Nf6 6. Nc3 g6 7. h3 Bxf3 8. Qxf3 Nbd7 9. Be2 Bg7 10. Be3 c6 11. O-O O-O 12. Rac1 a5 13. Rfd1 c5 14. b3 Nb6 15. a4 Nbd7 16. Qg3 Qb6 17. Bd2 Ne8 18. Rb1 e5 19. dxe6 fxe6 20. Nb5 Ne5 21. Bc3 Rd8 22. f4 Nc6 23. Bxg7 Kxg7 24. f5 exf5 25. exf5 Rxf5 26. Bg4 Rf6 27. Rd5 Nb4 28. Rd2 d5 29. cxd5 Rxd5 30. Rxd5 Nxd5 31. Qe5 Nec7 32. Kh1 Nxb5 33. axb5 Nf4 34. Rf1 Qxb5 35. Rxf4 1-0


[Site "https://www.chess.com"]

[Event "Titled Tuesday Blitz July 4 Late 2023"]
[White "Duarte, Leonardo"]
[Black "Wieczorek, Oskar"]
[WhiteFideId "110582"]
[BlackFideId "1133950"]
[WhiteElo "2385"]
[BlackElo "2715"]
[Result "0-1"]
[Round "2"]
[TimeControl "180+2"]
[Date "2023.07.04"]
[WhiteClock "0:00:00"]
[BlackClock "0:01:26"]
[Board "112"]

1. e4 c5 2. Nf3 e6 3. d4 cxd4 4. Nxd4 Nf6 5. Nc3 d6 6. Be3 a6 7. f3 h5 8. Qd2 b5 9. a3 Bb7 10. O-O-O Nbd7 11. Kb1 Rc8 12. Be2 Qc7 13. Bxb5 axb5 14. Ndxb5 Qb8 15. Nxd6+ Bxd6 16. Qxd6 Qxd6 17. Rxd6 Ne5 18. Rb6 Ba8 19. Bd4 Nc4 20. Rb4 e5 21. Bf2 O-O 22. Rd1 Nxa3+ 23. bxa3 Rxc3 24. Rb3 Rc4 25. Bg3 Rc5 26. Rbd3 Rb8+ 27. Kc1 Bc6 28. Rd8+ Rxd8 29. Rxd8+ Ne8 30. Rc8 f6 31. a4 Kf7 32. a5 Ke6 33. a6 Kd7 34. Rb8 Ra5 35. Rb6 Nd6 36. Bf2 Nc4 37. Rb4 Ra1+ 38. Rb1 Rxa6 0-1


[Site "https://www.chess.com"]

[Event "Titled Tuesday Blitz July 4 Late 2023"]
[White "Bochnicka, Vladimir"]
[Black "Boyer, Mahel"]
[WhiteFideId "14943450"]
[BlackFideId "45102422"]
[WhiteElo "2385"]
[BlackElo "2706"]
[Result "1-0"]
[Round "2"]
[TimeControl "180+2"]
[Date "2023.07.04"]
[WhiteClock "0:00:04"]
[BlackClock "0:00:13"]
[Board "113"]

1. e4 Nc6 2. Nf3 d5 3. exd5 Qxd5 4. Nc3 Qh5 5. d4 Bg4 6. Be2 O-O-O 7. Be3 Nh6 8. h3 Nf5 9. O-O Nxe3 10. fxe3 Bxh3 11. gxh3 Qxh3 12. Rf2 Rd6 13. Bf1 Rg6+ 14. Bg2 e6 15. Ne4 Be7 16. Nfg5 Qh4 17. Rf4 Bxg5 18. Rxh4 Bxh4 19. Qf3 f5 20. Nc5 Rg3 21. Qe2 Bg5 22. Qb5 Bxe3+ 23. Kh2 Rxg2+ 24. Kxg2 Nd8 25. Re1 f4 26. Qd7+ Kb8 27. Nxe6 Nxe6 28. Qxe6 a6 29. Rxe3 fxe3 30. Qxe3 Rf8 31. Qe7 Rf6 32. c4 Rb6 33. b4 Rd6 34. d5 b5 35. c5 Rxd5 36. Qxg7 Kb7 37. Qxh7 Rd4 38. a3 a5 39. bxa5 Rc4 40. Qe7 Kc6 41. a6 Ra4 42. Qe6+ Kxc5 43. Kf3 c6 44. Qe7+ Kd5 45. a7 Rxa3+ 46. Kf4 Ra4+ 47. Kf5 Kc4 48. Qb7 c5 49. a8=Q Rxa8 50. Qxa8 b4 51. Qe4+ Kc3 52. Qe3+ Kc4 53. Qc1+ Kd4 54. Qb2+ Kd3 55. Ke5 c4 56. Qxb4 c3 57. Qd6+ Ke2 58. Qc5 Kd2 59. Qb4 Kd3 60. Qb3 Kd2 61. Kd4 c2 62. Qe3+ Kd1 63. Qd3+ Kc1 64. Kc3 Kb1 65. Qxc2+ Ka1 66. Qb2# 1-0


[Site "https://www.chess.com"]

[Event "Titled Tuesday Blitz July 4 Late 2023"]
[White "Jaracz, Pawel"]
[Black "Gombocz, Ferenc Jr."]
[WhiteFideId "1102222"]
[BlackFideId "775029"]
[WhiteElo "2703"]
[BlackElo "2382"]
[Result "1-0"]
[Round "2"]
[TimeControl "180+2"]
[Date "2023.07.04"]
[WhiteClock "0:00:06"]
[BlackClock "0:00:00"]
[Board "114"]

1. d4 d5 2. c4 c6 3. e3 Nf6 4. Nc3 a6 5. b3 Bf5 6. Nge2 Nbd7 7. Nf4 e6 8. Be2 Bb4 9. Bd2 Ba3 10. Bd3 Bxd3 11. Nxd3 Bd6 12. O-O O-O 13. c5 Bc7 14. f4 Ne4 15. Nxe4 dxe4 16. Nb2 f5 17. g4 b6 18. cxb6 Bxb6 19. b4 Nf6 20. gxf5 exf5 21. Rc1 Rc8 22. Nc4 Nd5 23. Qa4 Rf6 24. Ne5 Rh6 25. Rf2 Bxd4 26. Nxc6 Rcxc6 27. Rxc6 Qe8 28. Rxa6 Qxa4 29. Rxa4 Nxe3 30. b5 Nc2 31. Rxd4 Nxd4 32. a4 Nf3+ 33. Kf1 Nxh2+ 34. Ke2 Nf3 35. Be3 Rh1 36. Bd2 Rb1 37. Ba5 Kf7 38. b6 1-0


[Site "https://www.chess.com"]

[Event "Titled Tuesday Blitz July 4 Late 2023"]
[White "ChawitAp"]
[Black "Daggupati, Balaji"]
[BlackFideId "2090759"]
[WhiteElo "2378"]
[BlackElo "2691"]
[Result "0-1"]
[Round "2"]
[TimeControl "180+2"]
[Date "2023.07.04"]
[WhiteClock "0:00:02"]
[BlackClock "0:00:32"]
[Board "115"]

1. d4 d5 2. Nf3 Nf6 3. c3 c5 4. dxc5 a5 5. Bf4 Na6 6. e3 Nxc5 7. Nbd2 e6 8. Ne5 Be7 9. Bb5+ Ncd7 10. Ndf3 O-O 11. O-O Qb6 12. a4 Nc5 13. c4 Rd8 14. Qc2 Nfe4 15. cxd5 exd5 16. Rfd1 f6 17. Nd3 Bg4 18. Nxc5 Bxc5 19. Qb3 Qe6 20. Nd4 Qf7 21. f3 g5 22. Bg3 Nxg3 23. hxg3 Bd7 24. Rd2 b6 25. Rad1 Bxb5 26. axb5 a4 27. Qc2 a3 28. Nf5 Qe6 29. bxa3 Rxa3 30. Rd3 Qxf5 31. g4 Qg6 0-1


[Site "https://www.chess.com"]

[Event "Titled Tuesday Blitz July 4 Late 2023"]
[White "Rosen, Eric"]
[Black "Romero Arzuaga, Yudel"]
[WhiteFideId "2032562"]
[BlackFideId "3521010"]
[WhiteElo "2671"]
[BlackElo "2376"]
[Result "1-0"]
[Round "2"]
[TimeControl "180+2"]
[Date "2023.07.04"]
[WhiteClock "0:00:05"]
[BlackClock "0:00:00"]
[Board "116"]

1. d4 d5 2. Bf4 e6 3. e3 Bd6 4. Bxd6 Qxd6 5. Qg4 g6 6. Nc3 c6 7. Nf3 f5 8. Qh4 Qe7 9. Qg3 Nd7 10. O-O-O Ngf6 11. Ne5 Nh5 12. Qf3 Nxe5 13. dxe5 Bd7 14. g4 Ng7 15. h3 O-O-O 16. Qg3 Kb8 17. f4 Qc5 18. Rh2 Qa5 19. Kb1 c5 20. Rhd2 Bc6 21. Ne2 Rd7 22. Nc1 Rhd8 23. Qh4 Ne8 24. Nb3 Qb6 25. Nc1 Nc7 26. c4 Na6 27. a3 d4 28. exd4 cxd4 29. Qf2 Be4+ 30. Ka1 Kc8 31. b4 Nxb4 32. axb4 Qxb4 33. Na2 Qa3 34. Bd3 Bc6 35. Rb2 Ba4 36. Rdd2 Rc7 37. gxf5 gxf5 38. Qf1 b5 39. Rb4 Bb3 40. Qc1 Qxc1+ 41. Nxc1 Bxc4 42. Kb2 Bxd3 43. Nxd3 Rb7 44. Nc5 Rb6 45. Rc2 Kb8 46. Rd2 a5 47. Rbxd4 Rc8 48. Nd7+ 1-0


[Site "https://www.chess.com"]

[Event "Titled Tuesday Blitz July 4 Late 2023"]
[White "Koellner, Ruben Gideon"]
[Black "Campos, Maria Jose"]
[WhiteFideId "12993093"]
[BlackFideId "146803"]
[WhiteElo "2668"]
[BlackElo "2375"]
[Result "0-1"]
[Round "2"]
[TimeControl "180+2"]
[Date "2023.07.04"]
[WhiteClock "0:02:41"]
[BlackClock "0:01:54"]
[Board "117"]

1. d4 Nf6 2. Nf3 e6 3. Nbd2 d5 4. e3 Be7 5. Bd3 O-O 6. O-O c5 7. c3 Nc6 8. dxc5 Bxc5 9. b4 Bd6 10. Bb2 b6 11. a3 Bb7 12. c4 Rc8 13. Rc1 Re8 14. Qe2 e5 15. Rfd1 e4 16. cxd5 exd3 17. Qxd3 Ne5 18. Nxe5 Bxe5 19. Bxe5 Rxe5 20. e4 Re8 21. Qd4 Qd6 22. g3 Ng4 23. h3 Ne5 24. f4 Ng6 25. Kh2 Rxc1 26. Rxc1 Qd7 27. Nf3 Bc8 28. d6 Qxh3+ 29. Kg1 Qxg3+ 30. Kf1 Qxf3+ 31. Qf2 Bh3+ 32. Kg1 Qxe4 33. Kh2 Bf5 34. Qd2 Qxf4+ 35. Qxf4 Nxf4 36. Rf1 g5 37. Rg1 h6 38. Rc1 Rd8 39. Rc7 Rxd6 40. Rxa7 Rd3 41. Ra6 b5 42. Rb6 Bd7 43. Rb8+ Kg7 44. Rd8 Bf5 45. Rxd3 Nxd3 46. a4 bxa4 47. b5 a3 48. b6 Be4 49. b7 Bxb7 50. Kg3 a2 51. Kg4 a1=Q 52. Kh5 Bf3# 0-1


[Site "https://www.chess.com"]

[Event "Titled Tuesday Blitz July 4 Late 2023"]
[White "Prieto Aranguren, Alain"]
[Black "Czopor, Maciej"]
[WhiteFideId "2268906"]
[BlackFideId "21805431"]
[WhiteElo "2375"]
[BlackElo "2667"]
[Result "0-1"]
[Round "2"]
[TimeControl "180+2"]
[Date "2023.07.04"]
[WhiteClock "0:00:04"]
[BlackClock "0:00:08"]
[Board "118"]

1. d4 g6 2. c4 Bg7 3. e4 d6 4. Nc3 Nd7 5. Nf3 e5 6. Be2 Ne7 7. O-O O-O 8. d5 f5 9. Ng5 Nc5 10. b4 Nxe4 11. Ncxe4 fxe4 12. Nxe4 Nf5 13. Bg5 Qe8 14. c5 Nd4 15. cxd6 Bf5 16. Ng3 cxd6 17. Nxf5 Rxf5 18. Be3 Nxe2+ 19. Qxe2 e4 20. Rfd1 Bxa1 21. Rxa1 Qe5 22. Rd1 Rc8 23. Bd4 Qxd5 24. Ba1 Qe6 25. Qb2 Re5 26. Qa3 Rd5 27. Re1 Rd2 28. Qxa7 Qd5 29. Qa4 Qf7 30. Rf1 Rxf2 31. Re1 Rcc2 32. Qa8+ Qf8 33. Qxf8+ Kxf8 34. Bd4 Rxg2+ 35. Kf1 Rxh2 36. Bg1 Rh1 37. a4 d5 38. a5 Ke7 39. b5 Ra2 40. a6 bxa6 41. b6 Rb2 42. Rd1 Ke6 43. Rc1 Rxb6 44. Kg2 Rxg1+ 45. Kxg1 Rb2 46. Kf1 Ke5 47. Rc8 Kd4 48. Ra8 Ra2 49. Rb8 Ke3 50. Rb3+ Kf4 51. Rb7 d4 52. Rxh7 d3 53. Rd7 Ke3 54. Ke1 Ra1# 0-1


[Site "https://www.chess.com"]

[Event "Titled Tuesday Blitz July 4 Late 2023"]
[White "Toolin, Christopher"]
[Black "Spata, German"]
[WhiteFideId "2024543"]
[BlackFideId "113026"]
[WhiteElo "2374"]
[BlackElo "2647"]
[Result "1-0"]
[Round "2"]
[TimeControl "180+2"]
[Date "2023.07.04"]
[WhiteClock "0:00:44"]
[BlackClock "0:00:00"]
[Board "119"]

1. d4 e6 2. c4 Nf6 3. Nf3 b6 4. a3 Bb7 5. Nc3 Ne4 6. Qc2 f5 7. e3 Be7 8. Nd2 Nxc3 9. Qxc3 O-O 10. b3 Bf6 11. Bb2 d6 12. Bd3 Bxg2 13. Rg1 Bb7 14. O-O-O c5 15. Qc2 cxd4 16. exd4 Nc6 17. d5 exd5 18. Bxf5 Bxb2+ 19. Qxb2 Qf6 20. Be6+ Kh8 21. Bxd5 Qxb2+ 22. Kxb2 Rxf2 23. Kc3 Na5 24. Ne4 Rf3+ 25. Rd3 Bxd5 26. Rxf3 Bxe4 27. Rf7 Bg6 28. Rd7 Nc6 29. Rxd6 Ne5 30. Re1 Nf3 31. Re7 Nxh2 32. Rxa7 Rf8 33. Rxb6 Bf5 34. Rf7 Kg8 35. Rxf8+ Kxf8 36. c5 g5 37. Rf6+ Ke7 38. Rxf5 g4 39. Rh5 1-0


[Site "https://www.chess.com"]

[Event "Titled Tuesday Blitz July 4 Late 2023"]
[White "Martinez Ramirez, Lennis"]
[Black "micke12a"]
[WhiteFideId "3509079"]
[WhiteElo "2619"]
[BlackElo "2374"]
[Result "1/2-1/2"]
[Round "2"]
[TimeControl "180+2"]
[Date "2023.07.04"]
[WhiteClock "0:00:08"]
[BlackClock "0:00:06"]
[Board "120"]

1. c4 c5 2. Nc3 Nc6 3. g3 g6 4. Bg2 Bg7 5. e3 Nf6 6. Nge2 O-O 7. d4 cxd4 8. exd4 d6 9. h3 e5 10. Be3 Re8 11. O-O Bd7 12. Nb5 Bc8 13. dxe5 dxe5 14. Nd6 Re6 15. c5 Bf8 16. Nc4 Qc7 17. Nc3 Nd4 18. b4 Nf5 19. Nb5 Qd7 20. Qxd7 Bxd7 21. Nc7 Nxe3 22. fxe3 Rb8 23. Nxe6 Bxe6 24. Nxe5 Be7 25. Rad1 Nh5 26. g4 Ng3 27. Rf3 Ne2+ 28. Kf2 Nc3 29. Rd4 Bh4+ 30. Kg1 Nxa2 31. e4 a5 32. b5 Nb4 33. c6 bxc6 34. Nxc6 Nxc6 35. bxc6 Rb1+ 36. Rf1 Rb2 37. c7 Rc2 38. Rd8+ Kg7 39. Ra8 Rxc7 40. Rxa5 Be7 41. e5 Rc2 42. Bd5 Bc5+ 43. Rxc5 Rxc5 44. Bxe6 fxe6 45. Re1 Rc2 46. Rd1 Rc5 47. Rd7+ Kh6 48. h4 Rxe5 49. g5+ Kh5 50. Rxh7+ Kg4 51. Kf2 Rf5+ 52. Ke3 e5 53. Ke4 Rf2 54. Kxe5 Rf3 55. Ke6 Rf4 56. Rh6 Rf1 57. Rxg6 Kxh4 58. Rg8 Kh5 59. Ke5 Rf2 60. Ke6 Rf1 61. g6 Kh6 62. Ke7 Rf2 63. g7 Kh7 64. Rf8 Re2+ 65. Kf7 Rf2+ 66. Ke7 Re2+ 67. Kf6 Rf2+ 68. Ke6 Re2+ 69. Kf6 Rf2+ 70. Ke7 1/2-1/2


[Site "https://www.chess.com"]

[Event "Titled Tuesday Blitz July 4 Late 2023"]
[White "Vdovin, Vadim"]
[Black "Fernandez Siles, Luis"]
[WhiteFideId "24107158"]
[BlackFideId "2209420"]
[WhiteElo "2592"]
[BlackElo "2367"]
[Result "1-0"]
[Round "2"]
[TimeControl "180+2"]
[Date "2023.07.04"]
[WhiteClock "0:00:06"]
[BlackClock "0:00:15"]
[Board "121"]

1. e4 c5 2. Nf3 Nc6 3. Bb5 g6 4. Bxc6 dxc6 5. O-O Bg7 6. d3 Nf6 7. Re1 O-O 8. h3 Qc7 9. Be3 b6 10. Nc3 e5 11. a4 a5 12. Qc1 Nd7 13. Bh6 f6 14. Bxg7 Kxg7 15. Ne2 Rf7 16. Ng3 Nf8 17. c3 Ne6 18. Qe3 Bd7 19. d4 cxd4 20. cxd4 exd4 21. Nxd4 c5 22. Nxe6+ Bxe6 23. f4 Rd7 24. e5 f5 25. Nf1 Rad8 26. Nh2 Rd3 27. Qf2 R8d4 28. Re3 Rd2 29. Qh4 Qd8 30. Qg3 Qd5 31. Nf3 Rd1+ 32. Rxd1 Rxd1+ 33. Kh2 Rd2 34. Ng5 c4 35. Nxe6+ Qxe6 36. Qf3 Qd5 37. Qxd5 Rxd5 38. Rc3 Rd4 39. Kg3 Kf7 40. Kf3 Ke6 41. Ke3 Kd5 42. g3 Re4+ 43. Kf3 Kd4 44. Rc1 Re3+ 45. Kf2 Re4 46. Re1 Kd3 47. e6 Kd2 48. Rxe4 fxe4 49. e7 e3+ 50. Kf3 e2 51. e8=Q e1=Q 52. Qxe1+ Kxe1 53. Ke3 Kd1 54. Kd4 Kc2 55. Kxc4 Kxb2 56. g4 Ka3 57. Kb5 Kb3 58. f5 gxf5 59. gxf5 1-0


[Site "https://www.chess.com"]

[Event "Titled Tuesday Blitz July 4 Late 2023"]
[White "Atanasov, Anthony"]
[Black "Slovineanu, Viacheslav"]
[WhiteFideId "2623897"]
[BlackFideId "13900510"]
[WhiteElo "2589"]
[BlackElo "2365"]
[Result "1-0"]
[Round "2"]
[TimeControl "180+2"]
[Date "2023.07.04"]
[WhiteClock "0:00:28"]
[BlackClock "0:00:01"]
[Board "123"]

1. a3 e5 2. e4 Nf6 3. Nf3 Nc6 4. Nc3 Nxe4 5. Nxe4 d5 6. Ng3 e4 7. Ng1 Bc5 8. c3 Ne5 9. d4 exd3 10. Bxd3 O-O 11. N1e2 Ng4 12. O-O f5 13. Nd4 f4 14. Ngf5 Bxf5 15. Bxf5 Nh6 16. Ne6 Qh4 17. Nxf8 Rxf8 18. Qxd5+ Kh8 19. Qxc5 Rxf5 20. Qxc7 g5 21. Qd8+ Kg7 22. Qd4+ Kg6 23. f3 Rf6 24. Qe4+ Nf5 25. Rd1 Kg7 26. Rd7+ Kh6 27. g4 Qh3 28. gxf5 g4 29. Bxf4+ Kh5 30. Rxh7+ 1-0


[Site "https://www.chess.com"]

[Event "Titled Tuesday Blitz July 4 Late 2023"]
[White "BenchGM"]
[Black "Vlassov, Nikolai"]
[BlackFideId "4103360"]
[WhiteElo "2364"]
[BlackElo "2583"]
[Result "1-0"]
[Round "2"]
[TimeControl "180+2"]
[Date "2023.07.04"]
[WhiteClock "0:00:09"]
[BlackClock "0:00:00"]
[Board "124"]

1. e4 Nc6 2. Nf3 d5 3. exd5 Qxd5 4. Nc3 Qa5 5. d4 Bg4 6. Bb5 O-O-O 7. Bxc6 bxc6 8. Bd2 Qf5 9. Qe2 Bxf3 10. gxf3 e6 11. Qa6+ Kd7 12. O-O-O Bd6 13. Ne4 Ne7 14. Ba5 Qb5 15. Nc5+ Ke8 16. Qxa7 Nc8 17. Qa6 Qxa6 18. Nxa6 Nb6 19. b3 Ra8 20. Bxb6 cxb6 21. c4 Rxa6 22. a4 Bb4 23. Kc2 Ke7 24. d5 cxd5 25. cxd5 Rc8+ 26. Kb1 b5 27. dxe6 Rxe6 28. axb5 Re2 29. Rd4 Bc3 30. Re4+ Rxe4 31. fxe4 Rb8 32. Rc1 Bd4 33. Rc7+ Ke6 34. Rc6+ Ke5 35. Rc7 Rxb5 36. Rxf7 Kxe4 37. Kc2 Rf5 38. Re7+ Kf3 39. Kd3 Rd5 40. Kc4 1-0


[Site "https://www.chess.com"]